Cogmind - Beta 9.6 @@@ ROGUE MODE // 2020.05.14 @ 14:18:01 Player: Teratos Result: Destroyed by G-34 Mercenary with Small Laser Performance ------------- Evolutions (1) 500 Regions Visited (2) 400 Robots Destroyed (21) 105 Value Destroyed (646) 646 Prototype IDs (2) 40 Alien Tech Used (0) 0 Bonus (0) 0 TOTAL SCORE: 1691 Bonus ------- None Cogmind --------- Core Integrity 0/400 Matter 300/300 Energy 258/265 System Corruption 0% Temperature Cool (6) Movement Flying (32) Location -9/Materials Parts ------- > --- POWER (1) -------- Improved Ion Engine > --- PROPULSION (2) --- Improved Flight Unit Improved Flight Unit > --- UTILITY (2) ------ Improved Heat Sink Disposable Heat Sink > --- WEAPON (4) ------- Small Laser Small Laser > --- INVENTORY (4) ---- Improved Ion Engine Disposable Heat Sink Disposable Heat Sink Hardened Medium Armor Plating Peak State ------------ > --- POWER ------------ Improved Ion Engine > --- PROPULSION ------- Light Treads Light Treads > --- UTILITY ---------- Hardened Medium Armor Plating Hacking Suite > --- WEAPON ----------- Electrolaser Electrolaser Electrolaser Heavy Assault Rifle > --- INVENTORY -------- Improved Ion Engine Electrolaser Axe [Rating: 21] Favorites ----------- Power Improved Ion Engine Engine Improved Ion Engine Propulsion Light Treads Treads Light Treads Flight Unit Improved Flight Unit Utility Hardened Medium Armor Plating Device Disposable Heat Sink Storage Small Storage Unit Processor Melee Analysis Suite Hackware Hacking Suite Protection Hardened Medium Armor Plating Weapon Particle Cannon Energy Gun Small Laser Energy Cannon Particle Cannon Ballistic Gun Light Assault Rifle Ballistic Cannon Light Cannon Build | -11 -10 -9 ------- Run | Scr Mat Mat Slots Evolved 2 | . . 2 Power . | . . . Propulsion . | . . . Utility . | . . . Weapon 2 | . . 2 Parts Attached 40 | 6 . 34 Power 3 | 1 . 2 Engine 3 | 1 . 2 Core . | . . . Reactor . | . . . Propulsion 7 | 2 . 5 Treads 5 | 2 . 3 Leg . | . . . Wheel . | . . . Hover . | . . . Flight 2 | . . 2 Utility 9 | 1 . 8 Device 3 | . . 3 Storage 1 | 1 . . Processor 1 | . . 1 Hackware 1 | . . 1 Protection 3 | . . 3 Artifact . | . . . Weapon 21 | 2 . 19 Energy Gun 11 | 1 . 10 Energy Cannon 5 | . . 5 Ballistic Gun 4 | 1 . 3 Ballistic Cannon 1 | . . 1 Launcher . | . . . Special Weapon . | . . . Impact Weapon . | . . . Slashing Weapon . | . . . Piercing Weapon . | . . . Special Melee Weapon . | . . . Unidentified Prototypes 2 | . . 2 Parts Lost . | . . . Power . | . . . Propulsion . | . . . Utility . | . . . Weapon . | . . . Highest Loss Streak . | . . . Average Slot Usage (%) 91 | . 85 92 Engine 10 | . 14 10 Treads 18 | . 28 17 Flight 3 | . . 3 Device 3 | . . 4 Storage 5 | . 14 4 Hackware 3 | . . 3 Protection 6 | . . 7 Energy Gun 9 | . 14 9 Energy Cannon 16 | . . 18 Ballistic Gun 9 | . 14 8 Ballistic Cannon 3 | . . 3 Naked Turns . | . . . Heaviest Build 39 | 11 11 39 Greatest Support 40 | 40 40 40 Greatest Overweight (x) 7 | . . 7 Average Overweight (x) . | . . . Largest Inventory Capacity 6 | 6 6 6 Average Capacity 4 | 4 6 4 Most Carried 4 | . . 4 Average Carried 1 | . . 1 Final Capacity 6 | 6 6 4 Final Carried 4 | . . 4 Class Distribution -------------------- 44% | Gunner 34% | Tank 17% | Mutant 3% | Sprinter Dominant Class ---------------- Mutant | -10/Materials Gunner | -9/Materials Resources | -11 -10 -9 ----------- Run | Scr Mat Mat Matter Collected 797 | . 89 708 Remotely . | . . . Salvage Created 850 | . 89 761 Parts 42 | . 2 40 Haulers Intercepted 2 | . . 2 Recyclers Shooed 2 | . . 2 Parts Field Recycled . | . . . Retrieved Matter . | . . . Parts Self-Destructed . | . . . Prevented . | . . . Kills | -11 -10 -9 ------- Run | Scr Mat Mat Combat Hostiles Destroyed 16 | . 2 14 Guns 9 | . 2 7 Cannons 7 | . . 7 Classes Destroyed 6 | . 1 5 Hauler 2 | . . 2 Recycler 1 | . . 1 Operator 2 | . . 2 Grunt 14 | . 2 12 Duelist 1 | . . 1 Sentry 1 | . . 1 Best Kill Streak 3 | . 2 3 Combat Bots Only 3 | . 2 3 Max Kills in Single Turn 1 | . 1 1 Gunslinging . | . . . Exploded . | . . . Melee . | . . . Uniques/NPCs Destroyed . | . . . Combat | -11 -10 -9 -------- Run | Scr Mat Mat Damage Taken 1111 | . 120 991 Core 402 | . . 402 Absorbed by Shields . | . . . Core Remaining (%) 100 | 100 100 . Volleys Fired 59 | . 7 52 Largest 4 | . 2 4 Hottest 272 | . 60 272 Shots Fired 203 | . 14 189 Gun 128 | . 14 114 Cannon 75 | . . 75 Launcher . | . . . Special . | . . . Kinetic 79 | . 7 72 Thermal 124 | . 7 117 Explosive . | . . . Electromagnetic . | . . . Robot Hit Streak 12 | . 4 12 Robot Miss Streak 4 | . 1 4 Penetration Max . | . . . Secondary Targets 2 | . 1 1 Max Gunslinging Chain 1 | . 1 1 Shots Hit Robots 124 | . 9 115 Core Hits 34 | . 4 30 Critical Hits 1 | . . 1 Critical Kills 1 | . . 1 Critical Parts Destroyed . | . . . Melee Attacks . | . . . Impact . | . . . Slashing . | . . . Piercing . | . . . Sneak Attacks . | . . . Combat Hostiles . | . . . Follow-up Attacks . | . . . Damage Inflicted 1476 | . 86 1390 Guns 805 | . 86 719 Cannons 671 | . . 671 Explosions . | . . . Melee . | . . . Ramming . | . . . Kinetic 455 | . 20 435 Thermal 1021 | . 66 955 Explosive . | . . . Electromagnetic . | . . . Impact . | . . . Slashing . | . . . Piercing . | . . . Highest Corruption 2 | . 2 . Average Corruption 2 | . 2 . Corruption Purged . | . . . Effects 4 | . 4 . Message Errors 2 | . 2 . Energy Discharges 1 | . 1 . Targeting Errors 1 | . 1 . Overload Shots . | . . . Overflow Damage 8 | . . 8 Projectiles 8 | . . 8 Explosions . | . . . Melee . | . . . Knockbacks . | . . . Impact . | . . . Kinetic . | . . . Secondary . | . . . Self-Inflicted Damage . | . . . Shots . | . . . Rammed 1 | . . 1 Targets Rammed 1 | . . 1 Kicked . | . . . Crushed . | . . . Highest Temperature 890 | . 106 890 Average Temperature 214 | . 61 224 Received Heat Transfer 300 | . 66 234 Effects 37 | . . 37 Shutdowns 6 | . . 6 Energy Bleed 3 | . . 3 Interference 1 | . . 1 Matter Decay 9 | . . 9 Short Circuit 4 | . . 4 Damage (minor) 3 | . . 3 Damage (major) 6 | . . 6 Damage (core) 5 | . . 5 Siege Activations . | . . . Robots Corrupted . | . . . Combat Hostiles . | . . . Parts Fried . | . . . Impact Corruptions . | . . . Robots Melted . | . . . Combat Hostiles . | . . . Parts Melted 2 | . 1 1 Heat Transferred 2068 | . 150 1918 Parts Sabotaged . | . . . Parts Stolen . | . . . Parts Stripped . | . . . Power Chain Reactions . | . . . Missiles Intercepted . | . . . Alert | -11 -10 -9 ------- Run | Scr Mat Mat Peak Influence 172 | . 50 172 Average Influence 53 | . 15 61 Maximum Alert Level . | . . . Low Security (%) 100 | 100 100 100 Level 1 . | . . . Level 2 . | . . . Level 3 . | . . . Level 4 . | . . . Level 5 . | . . . High Security . | . . . Max Security . | . . . Squads Dispatched 3 | . 1 2 Investigation 2 | . 1 1 Extermination . | . . . Reinforcement 1 | . . 1 Assault . | . . . Garrison . | . . . Intercept . | . . . Construction Impeded . | . . . Haulers Reinforced . | . . . Stealth | -11 -10 -9 --------- Run | Scr Mat Mat Distress Signals 2 | . . 2 Communications Jammed . | . . . Distress Signals . | . . . Times Spotted 25 | . 2 23 Peak Tracking Total 7 | . 2 7 Tactical Retreats 2 | . . 2 Traps | -11 -10 -9 ------- Run | Scr Mat Mat Traps Triggered 1 | . 1 . Indirectly . | . . . Trap Hack Attempts . | . . . Triggered . | . . . Disarmed . | . . . Reprogrammed . | . . . Reused . | . . . Traps Extracted . | . . . Installed . | . . . Triggered . | . . . Machines | -11 -10 -9 ---------- Run | Scr Mat Mat Machines Disabled 1 | . . 1 Max in Single Turn 1 | . . 1 Machines Sabotaged . | . . . Garrisons Compromised . | . . . Overloaded Fab Kills . | . . . Fab Network Shutdowns . | . . . Hacking | -11 -10 -9 --------- Run | Scr Mat Mat Machines Accessed 5 | . 2 3 Terminals 4 | . 2 2 Fabricators . | . . . Repair Stations 1 | . . 1 Recycling Units . | . . . Scanalyzers . | . . . Garrison Access . | . . . Total Hacks 24 | . 7 17 Successful 16 | . 3 13 Failed 8 | . 4 4 Catastrophic 2 | . . 2 Database Lockouts . | . . . Manual . | . . . Terminals 13 | . 7 6 Fabricators . | . . . Repair Stations 11 | . . 11 Recycling Units . | . . . Scanalyzers . | . . . Garrison Access . | . . . Terminal Hacks 7 | . 3 4 Record 2 | . . 2 Emergency Access Points 1 | . . 1 Alert Level 1 | . 1 . Dispatch Records 1 | . 1 . Hauler Manifests 2 | . 1 1 Fabricator Hacks . | . . . Repair Station Hacks 9 | . . 9 Scan Component 5 | . . 5 Repair 4 | . . 4 Recycling Unit Hacks . | . . . Scanalyzer . | . . . Garrison Access Hacks . | . . . Unauthorized Hacks . | . . . Terminals . | . . . Fabricators . | . . . Repair Stations . | . . . Recycling Units . | . . . Scanalyzers . | . . . Garrison Access . | . . . Data Cores Recovered 1 | . . 1 Used . | . . . Hacking Detections 5 | . 2 3 Full Trace Events 4 | . 2 2 Feedback Events . | . . . Feedback Blocked . | . . . Robot Schematics Acquired . | . . . Robots Built . | . . . Matter . | . . . Time . | . . . Total Robot Build Rating . | . . . Part Schematics Acquired . | . . . Parts Built . | . . . Matter . | . . . Time . | . . . Total Part Build Rating . | . . . Parts Repaired 4 | . . 4 Time 116 | . . 116 Parts Recycled . | . . . Recycled Matter . | . . . Retrieved Matter . | . . . Retrieved Components . | . . . Parts Scanalyzed . | . . . Part Schematics Acquired . | . . . Parts Damaged . | . . . Bothacking | -11 -10 -9 ------------ Run | Scr Mat Mat Used RIF Installer . | . . . Robots Hacked . | . . . Non-combat . | . . . Combat . | . . . Robot Hacks Applied . | . . . Relay Couplers Released . | . . . Robots Rewired . | . . . Allies Hacked . | . . . Hacks Repelled . | . . . Allies | -11 -10 -9 -------- Run | Scr Mat Mat Total Allies . | . . . Largest Group . | . . . Highest-Rated Group . | . . . Highest-Rated Ally . | . . . Total Orders . | . . . Ally Attacks . | . . . Total Damage . | . . . Kills . | . . . Allies Corrupted . | . . . Allies Melted . | . . . Intel | -11 -10 -9 ------- Run | Scr Mat Mat Robot Analysis Total . | . . . Derelict Logs Recovered . | . . . Drone Launches . | . . . Drone Recoveries . | . . . Exploration | -11 -10 -9 ------------- Run | Scr Mat Mat Turns Passed 1265 | 62 146 1057 Spaces Moved 528 | 37 80 411 Core 7 | 5 . 2 Treads 434 | 32 80 322 Legs . | . . . Wheels . | . . . Hover . | . . . Flight 87 | . . 87 Fastest Speed 32 | 50 160 32 Average Speed 147 | 145 160 145 Slowest Speed 400 | 160 160 400 Overloaded Moves . | . . . Propulsion Burnouts . | . . . Robots Hopped 1 | . . 1 Cave-ins Triggered . | . . . Exploration Rate (%) 15 | 4 15 27 Regions Visited 2 Branch Regions . Pre-discovered Areas . | . . . Known Exits Taken . | . . . Unknown Exits Taken 2 | 1 1 . Scrap Searched . | . . . Spaces Dug . | . . . Terrain Destroyed . | . . . Melee . | . . . Projectile . | . . . AOE . | . . . Actions | -11 -10 -9 --------- Run | Scr Mat Mat Total 877 | 42 86 749 Wait 216 | . . 216 Move 524 | 36 79 409 Hop 1 | . . 1 Pick Up 7 | . . 7 Fast Attach 37 | 6 . 31 Attach 1 | . . 1 Detach . | . . . Swap 2 | . . 2 Drop 29 | . . 29 Fire 59 | . 7 52 Melee . | . . . Ram 1 | . . 1 Kick . | . . . Crush . | . . . Escape Stasis . | . . . Rewire . | . . . Trap . | . . . Miscellaneous . | . . . Route ------- -11/Scrapyard -10/Materials -9/Materials History --------- Turn | Location | Event 2 | -11/Scrapyard | Discovered new exit (range 16) 63 | -11/Scrapyard | Entered Materials 206 | -10/Materials | Discovered new exit (range 3) 209 | -10/Materials | Entered another Materials area 209 | -9/Materials | Evolved 2 slots: Weapon x2 304 | -9/Materials | Repaired Lgt. Treads 531 | -9/Materials | Build established: Gunner 834 | -9/Materials | Repaired Lgt. Treads 873 | -9/Materials | Repaired Hrd. Medium Armor Plating 900 | -9/Materials | Repaired Lgt. Treads 921 | -9/Materials | Build established: Tank 1001 | -9/Materials | Core integrity fell below 50% 1005 | -9/Materials | Core integrity fell below 20% 1266 | -9/Materials | Destroyed by G-34 Mercenary with Small Laser Last Messages --------------- 01222_ G-34 Mercenary suffers critical hit. 01222_ G-34 Mercenary destroyed. 01223_ K-01 Serf collects debris. 01228_ Dropped Disposable Heat Sink. 01229_ Acquired Imp. Heat Sink. 01230_ K-01 Serf collects debris. 01230_ Dropped Particle Gun. 01231_ Acquired Particle Gun. 01232_ K-01 Serf collects debris. 01233_ Dropped Particle Gun. 01234_ Acquired Sml. Laser. 01235_ Dropped Particle Cannon. 01236_ Dropped Adv. Beam Cannon. 01236_ K-01 Serf collects debris. 01237_ Acquired 17 matter. 01237_ K-01 Serf collects debris. 01239_ Acquired 13 matter. 01245_ W-16 Scout sends out distress signal. 01259_ G-34 Mercenary destroyed. 01265_ K-01 Serf collects debris. Map ----- +----------------------------------------------------+ | ?????????????????????????????????????????????????? | | ?????????????????????????????????????????????????? | | ?????????????????????????????????????????????????? | | ?????????????????????????????????????????????????? | | ?????????????????????????????????????????????????? | | ?????????????????????????????????????????????????? | | ?????????????????????????????????????????????????? | | ?????????????????????????????????????????????????? | | ?????????????????????????????????????????????????? | | ?????????????????????????????????????????????????? | | ?????????????????????????????????????????????????? | | ?????????????????????????????????????????????????? | | ?????????????????????????????????????????????????? | | ?????????????????????????????????????##??????????? | | ????????????????????????????????????"""#?????????? | | ?????????????????##???????????????##"T"###???????? | | ?????????????????? ????????????? ????????? | | ??????????????????""????????????# ?????????? | | ??????? ??????????? ??????????? """ ?????????? | | ??????? ???????????? ????????? """ ?????????? | | ??????? ????????????? ######### """ ""??????? | | ??????? ??????????????+ ???? | | ??????? ?????########## ???? | | ??????? ?? "T"?????? | | ??????? ??????#####+## gg#######+#########??????? | | ??????# #????????????# u@#?????? ?????????????? | | ??????# #????????????# k #??????? ????????????? | | ??????# #????????????# #???????? ???????????? | | ??????# #????????????#% ] #?????????" ??????????? | | ??????# #????????????# k#?????????? ?????????? | | ??????# #????????????# #??????????? #????????? | | ??????# ##############%= #???????????? #????????? | | ??????# ]% *[ #?????????????#????????? | | ??????# ######## #####+##+##?????????????????????? | | ??????# #??????# # %=*=[]!#?????????????????????? | | ??????# #??????# # !==%=]#?????????????????????? | | ???####+#####??# # ! #?????????????????????? | | ???# #??# # #?????????????????????? | | ???# #??# ###########?????????????????????? | | ???# #??# #???????????????????????????????? | | ???# #??#=#???????????????????????????????? | | ???# [ #??#=#???????????????????????????????? | | ???# #??#=#???????????????????????????????? | | ???# #??#=######??????????????????????????? | | ???# #??#*# ! #??????????????????????????? | | ???# = #??#%# ! #??????????????????????????? | | ???######+###??#*# [ #??????????????????????????? | | ######## %%##### # [ #??????????????????????????? | | "T" # *! +! !!#??????????????????????????? | | + ###### #??????????????????????????? | +----------------------------------------------------+ Best States ------------- Heat Dissipation 42 Coolant Potential 100 Energy Generation 12 Energy Capacity 265 Matter Stores 300 Matter Capacity 300 Sight Range 16 Terrain Scan Density 10 Armor Coverage 450 Evasion (%) 63 Melee Accuracy 5 Recoil Reduction 2 Offensive Hacking 10 Item Schematics ----------------- None Robot Schematics ------------------ None Fabricated ------------ Nothing Alien Tech Used ----------------- None Achievements -------------- None Challenges ------------ None Game ------ Seed AssemblyFactorySplitter Manual? 0 Play Time 00:14:48 Cumulative 23.5 hours Start 2020.05.14 @ 14:07:01 End 2020.05.14 @ 14:18:01 Sessions 1 Manual Loads 0 Difficulty Rogue Special Mode None Game No. 43 Rogue 43 Adventurer 0 Explorer 0 Win Type - Total 0 Types 0/0/0/0/0/0/0 Lore% 13 Gallery% 22 Achievement% 19 Wizard Run 0 Options --------- ASCII 0 Keyboard 0 Movement Numpad Keybinds 0 Fullscreen 1 Font 18/SmallcapsGlow Map View 76x50 Tactical HUD 1 Map Filters NONE Filters NONE Steam 1 RUN: 5db25ef4-dd26-4a9b-95b6-d69239318a03